 Dungeon Crawl Stone Soup version 0.27.1-4-g1640c2035a (webtiles) character file.

Game seed: 14826593406285091606

33 zeram the Sneak (level 3, -1/20 HPs)
             Began as a Deep Elf Brigand on Nov 11, 2021.
             Slain by an adder (4 damage)
             ... on level 2 of the Dungeon.
             The game lasted 00:01:13 (1093 turns).

zeram the Sneak (Deep Elf Brigand)                  Turns: 1093, Time: 00:01:13

Health: -1/20      AC:  3    Str:  8    XL:     3   Next: 12%
Magic:  5/5        EV: 12    Int: 16    God:
Gold:   26         SH:  0    Dex: 16    Spells: 2/2 levels left

rFire    . . .     SeeInvis .   a - +2 dagger
rCold    . . .     Faith    .   (no shield)
rNeg     . . .     Spirit   .   b - +0 robe
rPois    .         Reflect  .   (no helmet)
rElec    .         Harm     .   c - +0 cloak
rCorr    .         Rampage  .   (no gloves)
Will     .....                  (no boots)
Stlth    +++.......             (no amulet)
HPRegen  0.06/turn              (no ring)
MPRegen  0.09/turn              (no ring)

@: lethally poisoned (-1 -> -9)
A: no striking features
a: no special abilities


You were on level 2 of the Dungeon.
You visited 1 branch of the dungeon, and saw 2 of its levels.

You collected 26 gold pieces.

Inventory:

Hand Weapons
 a - a +2 dagger (weapon)
Missiles
 d - 8 poisoned darts (quivered)
 e - 2 curare-tipped darts
Armour
 b - a +0 robe (worn)
 c - a +0 cloak (worn)
Scrolls
 h - a scroll of fear {unknown}
 i - a scroll of noise {unknown}
 j - a scroll of vulnerability {unknown}
Potions
 g - a potion of mutation {unknown}


   Skills:
 - Level 1.5 Fighting
 + Level 2.4 Short Blades
 - Level 2.0 Throwing
 + Level 1.5 Dodging
 + Level 5.9 Stealth


You had 2 spell levels left.
You didn't know any spells.
Your spell library was empty.

Dungeon Overview and Level Annotations

Branches:
Dungeon (2/15)

Altars:


Message History

No target in view!
No target in view!
An adder comes into view.
An adder is nearby!
An adder is nearby!
An adder is nearby!
Found a scroll labelled UGEMASOMPU.
The adder completely misses you. The adder barely misses you.
You barely miss the adder. The adder bites you.
You are poisoned.
The adder poisons you!
You hit the adder.
The adder is moderately wounded.
You feel sick. The adder bites you.
You are more poisoned.
The adder poisons you!
You barely miss the adder.
The adder is moderately wounded.
You feel sick. The adder barely misses you.
You are too injured to fight recklessly!
It was a potion of curing.
You feel better. The adder bites you.
You are poisoned.
The adder poisons you!
You hit the adder.
The adder is heavily wounded.
You feel sick. The adder bites you. x2
* * * LOW HITPOINT WARNING * * *
You are lethally poisoned!
The adder poisons you!
You hit the adder.
The adder is severely wounded.
* * * LOW HITPOINT WARNING * * *
You feel sick. The adder bites you.
* * * LOW HITPOINT WARNING * * *
Unknown command.
You miss the adder.
The adder is severely wounded.
* * * LOW HITPOINT WARNING * * *
You feel sick. The adder bites you.
You die...

........####......#
...........#.)....#
..###......#......#
.
#......#......###...
##..................
###.......#.#.....
#<......#.#...#.
#............##
#.......@....#
#.......S....#
#+###...#.##....
#.....# ....
........ ....
.......#.. ....
....... .. .?...##
...


You could see an adder.

Vanquished Creatures
  3 endoplasms
  A giant cockroach (D:1)
  5 goblins
  2 hobgoblins (D:1)
  A quokka (D:1)
  7 ball pythons (D:1)
  A bat (D:1)
  6 frilled lizards
  2 kobolds (D:1)
  4 rats (D:1)
32 creatures vanquished.

Notes
Turn   | Place    | Note
-------+----------+-------------------------------------------
     0 | D:1      | zeram the Deep Elf Brigand began the quest for the Orb.
     0 | D:1      | Reached XP level 1. HP: 12/12 MP: 3/3
   163 | D:1      | Reached skill level 5 in Stealth
   353 | D:1      | Reached XP level 2. HP: 16/16 MP: 4/4
   879 | D:1      | Reached XP level 3. HP: 16/20 MP: 5/5
  1093 | D:2      | Slain by an adder

Illustrated notes

Levels and vault maps discovered:
D:1:      dpeg_arrival_erosion, layout_basic, minmay_misc_feat_hallway
D:2:      layout_basic

Skill      XL: |  1 |
---------------+----+-----
Stealth        | 5 |  5.9
Fighting       | |  1.5
Short Blades   | |  2.4
Throwing       | |  2.0
Dodging        | |  1.5

Action                   || total
-------------------------++-------
Melee: Dagger            ||    83
  Use: Potion            ||     1
 Stab: Sleeping          ||    11
Armor: Robe              ||    16
Dodge: Dodged            ||    38
